 Dungeon Crawl Stone Soup version 0.21.0-24-g2553a33 (webtiles) character file.

11195 mopl the Slicer (level 12, 0/72 HPs)
             Began as a Kobold Skald on Jan 19, 2018.
             Was a High Priest of Okawaru.
             Shot with an arrow by a centaur (12 damage)
             ... on level 12 of the Dungeon.
             The game lasted 00:30:54 (13234 turns).

mopl the Slicer (Kobold Skald)                     Turns: 13234, Time: 00:30:55

Health: 0/72       AC: 14    Str:  8    XL:     12   Next: 4%
Magic:  17/17      EV: 21    Int: 16    God:    Okawaru [*****.]
Gold:   622        SH:  0    Dex: 18    Spells: 4/17 levels left

rFire    . . .     SeeInvis .   a - +0 dagger (venom)
rCold    . . .     Gourm    .   (shield restricted)
rNeg     + . .     Faith    .   A - +4 ring mail of the Snake Pit {rN+ rCorr}
rPois    .         Spirit   .   (no helmet)
rElec    .         Reflect  .   h - +2 cloak
rCorr    +         Harm     .   Q - +0 pair of gloves (curse)
MR       .....                  (no boots)
Stlth    ++........             (no amulet)
HPRegen  0.22/turn              K - +4 ring of evasion
MPRegen  0.15/turn              B - +2 ring of slaying {=R}

@: heroism, heavily drained
A: small, carnivore
a: Heroism, Finesse, Renounce Religion


You were on level 12 of the Dungeon.
You worshipped Okawaru.
Okawaru was extremely pleased with you.
You were completely stuffed.

You visited 2 branches of the dungeon, and saw 13 of its levels.

You collected 622 gold pieces.

Inventory:

Hand Weapons
 a - a +0 dagger of venom (weapon)
 b - a +0 blowgun
 i - a +2 antimagic dagger
 H - a +0 rapier
Missiles
 l - 16 tomahawks (quivered)
 o - 2 throwing nets
 t - 12 tomahawks of returning
 u - 54 poisoned needles
 I - 2 exploding tomahawks
 V - 5 needles of confusion
Armour
 h - a +2 cloak (worn)
 n - a +0 troll leather armour
 A - the +4 ring mail of the Snake Pit (worn) {rN+ rCorr}
   (You found it on level 4 of the Dungeon)

   It protects you from negative energy.
   It protects you from acid and corrosion.
 Q - a cursed +0 pair of gloves (worn)
Jewellery
 p - an uncursed ring of resist corrosion
 B - a +2 ring of slaying (right hand) {=R}
 G - an uncursed ring of poison resistance
 K - a +4 ring of evasion (left hand)
 S - an uncursed ring of ice
 W - an uncursed ring of wizardry
Wands
 C - a wand of clouds (4)
 D - a wand of iceblast (30)
Scrolls
 c - 4 scrolls of blinking {unknown}
 e - 5 scrolls of teleportation
 m - 4 scrolls of immolation
 v - 3 scrolls of noise {unknown}
 w - a scroll of amnesia {unknown}
 x - 3 scrolls of enchant weapon {unknown}
 y - a scroll of enchant armour
 E - a scroll of fear
 F - 2 scrolls of remove curse
 J - 4 scrolls of identify
 L - 3 scrolls of holy word {unknown}
 O - a scroll of random uselessness {unknown}
 P - a scroll of fog {unknown}
 T - a scroll of vulnerability {unknown}
 U - a scroll of torment {unknown}
Potions
 g - a potion of haste
 j - 3 potions of flight
 k - 4 potions of curing
 q - a potion of brilliance
 r - a potion of mutation {!q}
 s - a potion of ambrosia
 z - a potion of agility
 M - a potion of lignification {!q}
 N - a potion of might
 R - a potion of cancellation
Comestibles
 d - 25 rations


   Skills:
 + Level 7.4(10.4) Fighting
 - Level 14.0(16.7) Short Blades
 + Level 8.5(11.6) Throwing
 - Level 0.7(4.1) Armour
 + Level 5.2(8.4) Dodging
 - Level 3.0(1.5) Spellcasting
 - Level 3.0(1.5) Hexes
 + Level 3.8(2.3) Charms
 - Level 3.0(1.5) Necromancy
 + Level 3.8(2.3) Translocations
 + Level 6.8(5.1) Invocations


You had 4 spell levels left.
You knew the following spells:

 Your Spells              Type           Power        Failure   Level  Hunger
a - Infusion              Chrm           #...         24%         1    ##.....
b - Song of Slaying       Chrm           #.......     34%         2    ###....
c - Spectral Weapon       Hex/Chrm       #.......     63%         3    ####...
e - Blink                 Tloc           N/A          34%         2    ###....
f - Shroud of Golubria    Chrm/Tloc      #.........   34%         2    ###....
r - Regeneration          Chrm/Necr      #.........   63%         3    ####...


Dungeon Overview and Level Annotations

Branches:
Dungeon (12/15)            Temple (1/1) D:6
   Lair: D:8-11         Orc: D:9-12

Altars:
Ashenzari
Cheibriados
Dithmenos
Fedhas
Gozag
Hepliaklqana
Kikubaaqudgha
Makhleb
Nemelex Xobeh
Okawaru
Ru
Sif Muna
Uskayaw
Vehumet
Wu Jian
Xom
Zin
The Shining One

Annotations:
D:7 Gorglomux's ghost, novice MiSk
D:8 matthes123's ghost, novice MiFi


Innate Abilities, Weirdness & Mutations

You are small and have problems with some larger weapons.
You are carnivorous and can eat meat at any time.


Message History

As you read the scroll of teleportation, it crumbles to dust.
You feel strangely unstable.
Unknown command.
The orc throws a tomahawk.
The tomahawk hits you but does no damage.
The orc priest looks braver for a moment.
The crimson imp blinks!
You see here a tomahawk.
Your surroundings seem slightly different.
The centaur shouts!
You hear a shout!
Okawaru accepts your kill.
You feel a bit more experienced.
The centaur wields a shortbow.
The centaur shoots an arrow.
The arrow closely misses you.
Found an escape hatch in the ceiling.
The centaur shoots an arrow.
The arrow hits you.
* * * LOW HITPOINT WARNING * * *
Found a pair of boots.
You see here an arrow.
The centaur shoots an arrow.
The arrow hits you!
You die...

.. ##. #.. ..[
#.. #.. #..# #.#
#..##.# ### .##
.....##... ....
#.#....# .....
#.#.@# .....##
#..(## #..!..
##..# #...
###..So #..# ...
#....ao
##c##.#.##
#.#...S
########....c..<
.......
......(.....###.
..##...
####.###..### .
#... ##..# #...


You could see a centaur.

Vanquished Creatures
  2 two-headed ogres
  An ugly thing (D:10)
  A manticore (D:11)
  The ghost of p0werm0de the Chopper, a novice DDFi (D:5)
  A gargoyle (D:10)
  2 trolls
  A queen bee (D:8)
  A hippogriff (D:11)
  7 yaks
  2 hungry ghosts
  2 water moccasins (D:10)
  4 ice beasts
  4 orc warriors
  3 sky beasts
  5 ogres
  2 black bears
  An eye of draining (D:11)
  2 necrophages (D:9)
  7 centaurs
  A crocodile (D:11)
  A big kobold (D:11)
  4 bullfrogs
  A wyvern zombie (D:11)
  5 scorpions
  13 killer bees (D:8)
  3 wights (D:10)
  5 howler monkeys
  8 crimson imps
  3 jellies
  4 hounds
  8 orc priests
  19 orc wizards
  4 bullfrog skeletons
  2 centaur skeletons (D:10)
  Terence (D:3)
  3 iguanas
  4 worker ants
  A hound zombie (D:5)
  4 gnolls (D:7)
  9 adders
  A shadow imp (D:7)
  A white imp (D:4)
  10 oozes
  3 adder skeletons
  4 dart slugs
  5 leopard geckos
  51 orcs
  3 ball pythons
  8 bats
  7 giant cockroaches
  5 goblins
  6 hobgoblins
  6 jackals
  8 quokkas
  5 frilled lizards
  2 goblin skeletons (D:4)
  A goblin zombie (D:4)
  3 hobgoblin zombies (D:4)
  A jackal skeleton (D:4)
  19 kobolds
  A kobold zombie (D:4)
  A leopard gecko zombie (D:7)
  An orc skeleton (D:4)
  2 orc zombies (D:4)
  A quokka zombie (D:6)
  5 rats
312 creatures vanquished.

Vanquished Creatures (collateral kills)
  A killer bee (D:8)
1 creature vanquished.

Vanquished Creatures (others)
  An orc (D:8)
  A fungus (D:2)
  7 toadstools (D:2)
9 creatures vanquished.

Grand Total: 322 creatures vanquished

Notes
Turn   | Place    | Note
-------+----------+-------------------------------------------
     0 | D:1      | mopl the Kobold Skald began the quest for the Orb.
     0 | D:1      | Reached XP level 1. HP: 12/12 MP: 3/3
   139 | D:1      | Reached skill level 3 in Short Blades
   158 | D:1      | Reached XP level 2. HP: 10/17 MP: 5/5
   238 | D:1      | Learned a level 2 spell: Song of Slaying
   241 | D:1      | Learned a level 2 spell: Shroud of Golubria
   261 | D:1      | Reached skill level 4 in Short Blades
   530 | D:1      | Reached XP level 3. HP: 21/21 MP: 3/6
  1396 | D:2      | Reached skill level 5 in Short Blades
  1832 | D:4      | Reached skill level 1 in Throwing
  1832 | D:4      | Reached XP level 4. HP: 11/26 MP: 1/7
  2035 | D:4      | HP: 1/26 [orc/tomahawk of returning (3)]
  2452 | D:3      | Found a burning altar of Makhleb.
  2452 | D:3      | Found a snail-covered altar of Cheibriados.
  2458 | D:3      | Found a shattered altar of Ashenzari.
  2460 | D:3      | Found an ancient bone altar of Kikubaaqudgha.
  2461 | D:3      | Found an ornate altar of the Wu Jian Council.
  2696 | D:3      | Noticed a centaur
  2706 | D:3      | Killed a centaur
  2706 | D:3      | Reached skill level 6 in Short Blades
  2706 | D:3      | Reached skill level 2 in Throwing
  2706 | D:3      | Reached XP level 5. HP: 10/30 MP: 2/8
  2902 | D:3      | Learned a level 3 spell: Spectral Weapon
  2947 | D:3      | Noticed Terence
  3024 | D:3      | Killed Terence
  3024 | D:3      | Reached XP level 6. HP: 21/35 MP: 6/9
  3238 | D:3      | Found an opulent altar of Gozag.
  3238 | D:3      | Found a blossoming altar of Fedhas.
  3579 | D:2      | Reached skill level 7 in Short Blades
  3958 | D:2      | Reached skill level 3 in Throwing
  4207 | D:3      | Reached skill level 8 in Short Blades
  4207 | D:3      | Reached XP level 7. HP: 28/40 MP: 6/10
  4676 | D:4      | Got a transparent ring mail
  4687 | D:4      | Identified the +4 ring mail of the Snake Pit {rN+ rCorr} (You found it on level 4 of the Dungeon)
  4986 | D:4      | Reached skill level 4 in Throwing
  5088 | D:4      | Found a glowing golden altar of the Shining One.
  5272 | D:5      | Entered Level 5 of the Dungeon
  5320 | D:5      | Reached skill level 9 in Short Blades
  5460 | D:5      | Noticed p0werm0de's ghost (novice DDFi)
  5515 | D:4      | Reached XP level 8. HP: 34/44 MP: 2/11
  5724 | D:5      | Learned a level 2 spell: Blink
  6186 | D:6      | Found a staircase to the Ecumenical Temple.
  6194 | Temple   | Entered the Ecumenical Temple
  6209 | Temple   | Became a worshipper of Warmaster Okawaru
  6245 | D:6      | Reached skill level 10 in Short Blades
  6329 | D:6      | Reached skill level 5 in Throwing
  6329 | D:6      | Reached skill level 1 in Invocations
  6386 | D:6      | Reached * piety under Okawaru
  6386 | D:6      | Reached skill level 3 in Fighting
  6386 | D:6      | Reached skill level 2 in Invocations
  6467 | D:6      | Reached XP level 9. HP: 35/51 MP: 12/12
  6523 | D:6      | Got a translucent hunting sling
  6524 | D:6      | Identified the +2 hunting sling "Eraastra" {freeze, +Blink +Fly rC++ Dex-5} (You found it on level 6 of the Dungeon)
  6556 | D:6      | Reached skill level 11 in Short Blades
  6803 | D:6      | Reached skill level 3 in Invocations
  6846 | D:6      | Reached skill level 4 in Fighting
  6846 | D:6      | Reached skill level 6 in Throwing
  6914 | D:6      | Found a hide-covered altar of Uskayaw.
  7296 | D:7      | Reached ** piety under Okawaru
  7374 | D:7      | Noticed Gorglomux's ghost (novice MiSk)
  7571 | D:7      | Reached skill level 12 in Short Blades
  7571 | D:7      | Reached skill level 4 in Invocations
  8131 | D:5      | Killed p0werm0de's ghost
  8131 | D:5      | Reached skill level 5 in Fighting
  8131 | D:5      | Reached XP level 10. HP: 24/59 MP: 11/13
  8239 | D:7      | Learned a level 3 spell: Regeneration
  8620 | D:8      | Reached skill level 7 in Throwing
  8644 | D:8      | Reached skill level 5 in Invocations
  8689 | D:8      | Reached skill level 13 in Short Blades
  8697 | D:8      | Reached *** piety under Okawaru
  9446 | D:8      | Found a hazy altar of Hepliaklqana.
  9464 | D:8      | Reached skill level 6 in Fighting
  9483 | D:8      | Found a glowing golden altar of the Shining One.
  9583 | D:8      | Noticed matthes123's ghost (novice MiFi)
  9740 | D:9      | Found a radiant altar of Vehumet.
  9862 | D:9      | Reached skill level 1 in Translocations
  9867 | D:9      | Reached skill level 1 in Necromancy
 10230 | D:9      | Noticed a two-headed ogre
 10245 | D:9      | Killed a two-headed ogre
 10245 | D:9      | Reached **** piety under Okawaru
 10245 | D:9      | Reached skill level 3 in Dodging
 10245 | D:9      | Reached skill level 1 in Hexes
 10664 | D:9      | Reached XP level 11. HP: 64/64 MP: 15/15
 10744 | D:9      | Reached skill level 3 in Spellcasting
 10969 | D:9      | Reached skill level 3 in Charms
 10969 | D:9      | Reached skill level 2 in Translocations
 10996 | D:9      | Reached skill level 2 in Necromancy
 11039 | D:9      | Reached skill level 2 in Hexes
 11310 | D:10     | Entered Level 10 of the Dungeon
 11390 | D:10     | Reached skill level 6 in Invocations
 11409 | D:10     | Reached skill level 8 in Throwing
 11510 | D:10     | Reached skill level 4 in Dodging
 11654 | D:10     | Noticed a two-headed ogre
 11698 | D:10     | Killed a two-headed ogre
 11709 | D:10     | Reached skill level 14 in Short Blades
 11732 | D:10     | Reached ***** piety under Okawaru
 11860 | D:10     | Noticed a red ugly thing
 11874 | D:10     | Killed a red ugly thing
 11874 | D:10     | Reached skill level 3 in Translocations
 11946 | D:10     | Received a gift from Okawaru
 12062 | D:11     | Noticed an eight-headed hydra
 12107 | D:10     | Reached skill level 7 in Fighting
 12107 | D:10     | Reached skill level 3 in Necromancy
 12142 | D:11     | Reached skill level 3 in Hexes
 12287 | D:11     | Noticed a manticore
 12307 | D:11     | Killed a manticore
 12644 | D:11     | Reached skill level 5 in Dodging
 12940 | D:11     | Received a gift from Okawaru
 12992 | D:11     | Reached XP level 12. HP: 72/72 MP: 17/17
 13234 | D:12     | Shot with an arrow by a centaur

Skill      XL: |  1  2  3  4  5  6  7  8  9 10 11 |
---------------+----------------------------------+-----
Short Blades   | 3 4 5 6 8 9 10 12 13 14 | 14.0
Throwing       | 1 2 3 4 5 6 7 8 |  8.5
Invocations    | 2 4 5 6 |  6.8
Fighting       | 3 5 6 7 |  7.4
Translocations | 1 3 |  3.8
Necromancy     | 1 3 |  3.0
Dodging        | 3 5 |  5.2
Hexes          | 1 3 |  3.0
Spellcasting   | 3 |  3.0
Charms         | 3 |  3.8
Armour         | |  0.7

Action                   |  1- 3 |  4- 6 |  7- 9 | 10-12 || total
-------------------------+-------+-------+-------+-------++-------
Melee: Short sword       |   148 |    78 |       |       ||   226
       Rapier            |       |    99 |   172 |   132 ||   403
       Dagger            |       |       |   413 |   756 ||  1169
       Morningstar       |       |       |    18 |       ||    18
       Punch             |       |       |       |     5 ||     5
 Fire: Blowgun           |       |    14 |       |    16 ||    30
Throw: Tomahawk          |       |    13 |     2 |    56 ||    71
 Cast: Infusion          |     9 |    11 |     6 |       ||    26
       Regeneration      |       |       |       |     2 ||     2
Invok: Heroism           |       |       |     3 |    14 ||    17
Evoke: Wand              |       |       |       |     3 ||     3
  Use: Scroll            |     8 |     2 |     2 |     5 ||    17
       Potion            |       |       |       |     1 ||     1
 Stab: Sleeping          |       |     1 |       |       ||     1
       Distracted        |       |       |     1 |       ||     1
       Confused          |       |       |       |     2 ||     2
  Eat: Chunk             |    11 |     8 |    15 |    26 ||    60
Armor: Leather armour    |    36 |    54 |    18 |       ||   108
       Ring mail         |       |       |    95 |   153 ||   248
Dodge: Dodged            |   130 |   150 |   271 |   423 ||   974
